 Dungeon Crawl Stone Soup version 0.26.0-45-g9c1d065592 (webtiles) character file.

Game seed: 14148589110632014826

3861 leafyfresh the Thaumaturge (level 10, 0/74 HPs)
             Began as a Gnoll Hedge Wizard on Jan 30, 2021.
             Was an Elder of Okawaru.
             Succumbed to a killer bee's poison
             ... on level 8 of the Dungeon on Feb 1, 2021.
             The game lasted 00:37:34 (12644 turns).

leafyfresh the Thaumaturge (Gnoll Hedge Wizard)    Turns: 12644, Time: 00:37:34

Health: 0/74       AC:  0    Str: 12    XL:     10   Next: 18%
Magic:  14/22      EV: 16    Int: 20    God:    Okawaru [****..]
Gold:   501        SH:  0    Dex: 15    Spells: 4/26 levels left

rFire    + . .     SeeInvis .   h - +4 war axe
rCold    + . .     Faith    .   (no shield)
rNeg     . . .     Spirit   .   b - +0 robe
rPois    +         Reflect  .   u - +1 hat
rElec    +         Harm     .   k - +0 cloak
rCorr    +         Rampage  .   (no gloves)
Will     .....                  (no boots)
Stlth    +++.......             t - amulet of regeneration
HPRegen  0.62/turn              m - ring of wizardry
MPRegen  0.18/turn              r - -4 ring of protection (curse)

@: lethally poisoned (0 -> -5), resistant
A: distributed training, fangs 1, strong nose
a: Renounce Religion, Heroism


You were on level 8 of the Dungeon.
You worshipped Okawaru.
Okawaru was greatly pleased with you.
You visited 1 branch of the dungeon, and saw 9 of its levels.

You collected 501 gold pieces.

Inventory:

Hand Weapons
 a - a +0 dagger
 h - a +4 war axe (weapon)
 i - a +3 dagger of protection
 l - a +0 rapier
 x - a +0 long sword
Missiles
 n - 54 poisoned darts
Armour
 b - a +0 robe (worn)
 k - a +0 cloak (worn)
 u - a +1 hat (worn)
 z - a +0 ring mail of fire resistance
Magical Staves
 e - an uncursed staff of air {unknown}
Jewellery
 m - a ring of wizardry (left hand)
 r - a cursed -4 ring of protection (right hand)
 s - an uncursed ring of protection from cold
 t - an amulet of regeneration (around neck)
 D - an uncursed ring of fire
Wands
 y - a wand of paralysis (15)
 A - a wand of polymorph (8)
Scrolls
 c - 2 scrolls of magic mapping
 g - 4 scrolls of remove curse
 v - 2 scrolls of enchant armour {unknown}
 E - 3 scrolls of amnesia {unknown}
 F - a scroll of teleportation
Potions
 d - a potion of magic
 f - 2 potions of attraction
 j - 2 potions of lignification {unknown}
 o - a potion of might {unknown}
 p - a potion of heal wounds {unknown}
 q - 2 potions of haste {unknown}
 w - a potion of cancellation {unknown}
 B - 2 potions of resistance
 C - a potion of invisibility {unknown}


   Skills:
 + Level 5.0 Fighting
 + Level 5.0 Short Blades
 + Level 5.0 Long Blades
 + Level 5.0 Axes
 + Level 5.0 Maces & Flails
 + Level 5.0 Polearms
 + Level 5.0 Staves
 + Level 5.0 Slings
 + Level 5.0 Bows
 + Level 5.0 Crossbows
 + Level 5.0 Throwing
 + Level 5.0 Armour
 + Level 6.9 Dodging
 + Level 6.6 Stealth
 + Level 5.0 Shields
 + Level 5.0 Unarmed Combat
 + Level 8.8 Spellcasting
 + Level 4.7 Conjurations
 + Level 4.1 Hexes
 + Level 4.7 Summonings
 + Level 4.1 Necromancy
 + Level 4.7 Translocations
 + Level 4.1 Transmutations
 + Level 4.1 Fire Magic
 + Level 4.1 Ice Magic
 + Level 4.1 Air Magic
 + Level 4.1 Earth Magic
 + Level 4.1 Poison Magic
 + Level 5.5 Invocations
 + Level 5.0 Evocations


You had 4 spell levels left.
You knew the following spells:

 Your Spells              Type           Power        Failure   Level
a - Magic Dart            Conj           100%         1%          1
b - Mephitic Cloud        Conj/Pois/Air  26%          1%          3
c - Blink                 Tloc           N/A          1%          2
d - Call Imp              Summ           27%          1%          2
e - Conjure Flame         Conj/Fire      26%          1%          3
f - Swiftness             Air            25%          1%          2
g - Lightning Bolt        Conj/Air       13%          14%         5
h - Airstrike             Air            12%          6%          4

Your spell library contained the following spells:

 Spells                   Type           Power        Failure   Level
 Shock                    Conj/Air       100%         1%          1
 Slow                     Hex            25%          1%          2
 Static Discharge         Conj/Air       26%          1%          3


Dungeon Overview and Level Annotations

Branches:
Dungeon (9/15)             Temple (0/1) D:6
   Lair: D:8-11         Orc: D:9-12

Altars:
Cheibriados
Dithmenos
Elyvilon
Fedhas
Gozag
Hepliaklqana
Kikubaaqudgha
Makhleb
Nemelex Xobeh
Okawaru
Vehumet
Wu Jian
Xom
Yredelemnul
The Shining One

Shops:
D:5 }:(!   D:8 =[!

Annotations:
D:4 3 runed translucent doors, kaeus's ghost, amateur OpEn
D:7 exclusion: oklob plant


Innate Abilities, Weirdness & Mutations

Your experience applies equally to all skills.
You have very sharp teeth.
Your uncanny sense of smell can sniff out nearby items.


Message History

You hit the killer bee. Your bite misses the killer bee.
The killer bee is lightly wounded.
You feel sick. The killer bee barely misses you. The killer bee misses you.
The killer bee stings you.
* * * LOW HITPOINT WARNING * * *
You slash the killer bee!
The killer bee is almost dead.
You feel sick. The killer bee misses you. The killer bee closely misses you.
The killer bee stings you.
* * * LOW HITPOINT WARNING * * *
You completely miss the killer bee.
The killer bee is almost dead.
* * * LOW HITPOINT WARNING * * *
You feel sick. The killer bee stings you.
* * * LOW HITPOINT WARNING * * *
The killer bee closely misses you.
Unknown command.
It was a potion of resistance.
You feel protected.
You die...

#........ #........ ######
#......∩. #####....# #........
†.).(.##.### ##........
#.....##...#############.........
#................................
#.....########.y.########........
####..## ###@## #........ ##..#
#..##### ######### ##.##
####...###§.§...## #..###
#._..§§§####... ##...## #...#####
###. #### ###..### ##### ## ...#
##...# ...# ###.## ####### ...#
#..# #.....#


You could see a killer bee.

Vanquished Creatures
  Grinder (D:6)
  3 sky beasts
  2 black bears
  3 orc warriors
  A phantom (D:7)
  An ice beast (D:6)
  3 ogres (D:4)
  2 centaurs
  A big kobold (D:8)
  6 bullfrogs
  A water moccasin skeleton (D:4)
  2 scorpions (D:7)
  11 wights
  3 howler monkeys (D:7)
  A jelly (D:8)
  2 quasits (D:5)
  4 orc priests
  4 hounds
  10 orc wizards
  A bullfrog skeleton (D:4)
  A centaur skeleton (D:6)
  5 worker ants
  A hound zombie (D:5)
  A hound skeleton (D:7)
  7 gnolls
  9 adders
  2 shadow imps
  A white imp (D:8)
  An ufetubus (D:5)
  An ooze (D:7)
  An adder skeleton (D:8)
  A worm (D:2)
  8 leopard geckos
  29 orcs
  11 giant cockroaches
  6 goblins
  15 hobgoblins
  2 jackals (D:1)
  2 quokkas
  A ball python (D:1)
  5 bats
  5 frilled lizards
  A giant cockroach zombie (D:6)
  A jackal skeleton (D:6)
  12 kobolds
  2 quokka skeletons (D:6)
  A quokka zombie (D:5)
  5 rats
199 creatures vanquished.

Vanquished Creatures (collateral kills)
  A phantom (D:4)
1 creature vanquished.

Vanquished Creatures (others)
  33 plants (D:7)
33 creatures vanquished.

Grand Total: 233 creatures vanquished

Notes
Turn   | Place    | Note
-------+----------+-------------------------------------------
     0 | D:1      | leafyfresh the Gnoll Hedge Wizard began the quest for the
                  | Orb.
     0 | D:1      | Reached XP level 1. HP: 13/13 MP: 8/8
   223 | D:1      | Reached XP level 2. HP: 17/19 MP: 10/10
   782 | D:1      | Reached XP level 3. HP: 25/25 MP: 11/11
  1780 | D:2      | Found an iron altar of Okawaru.
  1858 | D:2      | Became a worshipper of Warmaster Okawaru
  1890 | D:2      | Reached skill level 1 in Invocations
  2091 | D:2      | Learned a level 3 spell: Mephitic Cloud
  2094 | D:2      | Learned a level 2 spell: Blink
  2097 | D:2      | Learned a level 2 spell: Call Imp
  2101 | D:2      | Learned a level 3 spell: Conjure Flame
  2422 | D:2      | Found a sparkling altar of Nemelex Xobeh.
  2716 | D:2      | Reached skill level 1 in Fighting
  2716 | D:2      | Reached skill level 1 in Short Blades
  2716 | D:2      | Reached skill level 1 in Long Blades
  2716 | D:2      | Reached skill level 1 in Axes
  2716 | D:2      | Reached skill level 1 in Maces & Flails
  2716 | D:2      | Reached skill level 1 in Polearms
  2716 | D:2      | Reached skill level 1 in Staves
  2716 | D:2      | Reached skill level 1 in Slings
  2716 | D:2      | Reached skill level 1 in Bows
  2716 | D:2      | Reached skill level 1 in Crossbows
  2716 | D:2      | Reached skill level 1 in Throwing
  2716 | D:2      | Reached skill level 1 in Armour
  2716 | D:2      | Reached skill level 1 in Shields
  2716 | D:2      | Reached skill level 1 in Unarmed Combat
  2716 | D:2      | Reached skill level 1 in Evocations
  2909 | D:3      | Reached XP level 4. HP: 26/32 MP: 13/13
  3758 | D:3      | Found a faded altar of an unknown god.
  3863 | D:3      | Reached skill level 1 in Hexes
  3863 | D:3      | Reached skill level 1 in Necromancy
  3863 | D:3      | Reached skill level 1 in Transmutations
  3863 | D:3      | Reached skill level 1 in Fire Magic
  3863 | D:3      | Reached skill level 1 in Ice Magic
  3863 | D:3      | Reached skill level 1 in Air Magic
  3863 | D:3      | Reached skill level 1 in Earth Magic
  3863 | D:3      | Reached skill level 1 in Poison Magic
  4029 | D:4      | Found a shimmering altar of Xom.
  4029 | D:4      | Noticed an ogre
  4042 | D:4      | Killed an ogre
  4042 | D:4      | Reached * piety under Okawaru
  4043 | D:4      | Reached XP level 5. HP: 37/37 MP: 11/14
  4264 | D:4      | Reached XP level 6. HP: 29/44 MP: 5/16
  4613 | D:4      | Found a runed translucent gate.
  4613 | D:4      | Found a runed translucent gate.
  4614 | D:4      | Found a runed translucent gate.
  5048 | D:4      | Reached skill level 5 in Dodging
  5409 | D:4      | Noticed a phantom
  5423 | D:4      | Killed a phantom
  5424 | D:4      | Reached XP level 7. HP: 44/50 MP: 6/18
  5549 | D:4      | Noticed kaeus's ghost (amateur OpEn)
  5589 | D:4      | Reached ** piety under Okawaru
  5786 | D:4      | Reached skill level 5 in Stealth
  6320 | D:4      | Found a white marble altar of Elyvilon.
  6863 | D:5      | Entered Level 5 of the Dungeon
  6977 | D:4      | Reached XP level 8. HP: 44/57 MP: 14/19
  7728 | D:5      | Found Saloiteu's Gadget Shoppe.
  7738 | D:5      | Found Lunamim's Book Shoppe.
  7740 | D:5      | Found Vogiane's Antique Weapon Shop.
  7754 | D:5      | Found a shadowy altar of Dithmenos.
  7800 | D:5      | Found Ojyqarph's Distillery.
  7932 | D:5      | Found a snail-covered altar of Cheibriados.
  8242 | D:6      | Noticed Grinder
  8244 | D:6      | Paralysed by Grinder for 2 turns
  8264 | D:6      | Paralysed by Grinder for 4 turns
  8388 | D:6      | Found an ancient bone altar of Kikubaaqudgha.
  8480 | D:6      | Reached skill level 8 in Spellcasting
  9081 | D:6      | Found a staircase to the Ecumenical Temple.
  9203 | D:6      | Reached *** piety under Okawaru
  9204 | D:6      | Reached XP level 9. HP: 46/65 MP: 12/21
  9300 | D:6      | Found a basalt altar of Yredelemnul.
  9679 | D:7      | Found a sparkling altar of Nemelex Xobeh.
 10118 | D:7      | Found a burning altar of Makhleb.
 10119 | D:7      | Found an ancient bone altar of Kikubaaqudgha.
 10141 | D:7      | HP: 3/65 [phantom (8)]
 10145 | D:8      | Found an opulent altar of Gozag.
 10145 | D:8      | Found Now Maa's Armour Emporium.
 10149 | D:8      | Found Qozit's Jewellery Boutique.
 10547 | D:6      | Paralysed by Grinder for 2 turns
 10568 | D:6      | Killed Grinder
 10730 | D:7      | Reached skill level 5 in Invocations
 10828 | D:7      | Found an ornate altar of the Wu Jian Council.
 10833 | D:7      | Found a glowing golden altar of the Shining One.
 10837 | D:7      | Learned a level 2 spell: Swiftness
 10843 | D:7      | Learned a level 5 spell: Lightning Bolt
 10848 | D:7      | Learned a level 4 spell: Airstrike
 10910 | D:7      | Found a blossoming altar of Fedhas.
 10924 | D:7      | Noticed an oklob plant
 11420 | D:7      | Reached **** piety under Okawaru
 11800 | D:8      | Reached XP level 10. HP: 27/73 MP: 14/22
 12175 | D:8      | Found a radiant altar of Vehumet.
 12337 | D:8      | Found a hazy altar of Hepliaklqana.
 12351 | D:8      | Found Qosihusowa's Distillery.
 12460 | D:8      | Reached skill level 5 in Fighting
 12460 | D:8      | Reached skill level 5 in Short Blades
 12460 | D:8      | Reached skill level 5 in Long Blades
 12460 | D:8      | Reached skill level 5 in Axes
 12460 | D:8      | Reached skill level 5 in Maces & Flails
 12460 | D:8      | Reached skill level 5 in Polearms
 12460 | D:8      | Reached skill level 5 in Staves
 12460 | D:8      | Reached skill level 5 in Slings
 12460 | D:8      | Reached skill level 5 in Bows
 12460 | D:8      | Reached skill level 5 in Crossbows
 12460 | D:8      | Reached skill level 5 in Throwing
 12460 | D:8      | Reached skill level 5 in Armour
 12460 | D:8      | Reached skill level 5 in Shields
 12460 | D:8      | Reached skill level 5 in Unarmed Combat
 12460 | D:8      | Reached skill level 5 in Evocations
 12643 | D:8      | HP: 2/74 [killer bee (3)]
 12644 | D:8      | Succumbed to a killer bee's poison

Illustrated notes

Levels and vault maps discovered:
D:1:      ncdulo_lavacross, layout_basic, roderic_roman_lattice
D:2:      layout_basic, nemelex_xobeh_ov_fountains_minmay,
          okawaru_metal_pillars_3, hangedman_abyss_or_decor_lesser_grid
D:3:      layout_basic, chequers_ecumenical_altar_twisty
D:4:      minmay_opposing_rooms, layout_basic, elyvilon_altar_5,
          overflow_temple_1_default, gammafunk_ghost_necromancy
D:5:      layout_cave_pools, general_overflow_altar, serial_shops, shop,
          kennysheep_mini_moat, shop,
          nicolae_shop_temple_entry_statues_fountains,
          nicolae_dithmenos_through_a_glass_darkly
D:6:      layout_basic, lemuel_temple_firewalk_a, basic_altar,
          minmay_misc_feat_enclosed, yredelemnul_altar_generic, uniq_grinder
D:7:      layout_basic, lemuel_round_altar, tgw_fedhas, minitemple, basic_altar,
          st_stairs_8, nemelex_spade_bored_becter
D:8:      layout_rooms, nzn_hepliaklqana_mist_gate, nicolae_gozag_seed_capital,
          kennysheep_mini, serial_shops, shop, shop, shop_statue
D:9:      layout_roguey, minmay_orc_entry_temple_small, serial_shops,
          nicolae_shop_trees, corexii_hall_statues_t, kennysheep_path_1,
          uniq_harold

Skill      XL: |  1  2  3  4  5  6  7  8  9 10 |
---------------+-------------------------------+-----
Conjurations   | 2 3 4 |  4.7
Summonings     | 2 3 4 |  4.7
Translocations | 2 3 4 |  4.7
Invocations    | 1 2 3 4 5 |  5.5
Fighting       | 1 2 3 4 5 |  5.0
Short Blades   | 1 2 3 4 5 |  5.0
Long Blades    | 1 2 3 4 5 |  5.0
Axes           | 1 2 3 4 5 |  5.0
Maces & Flails | 1 2 3 4 5 |  5.0
Polearms       | 1 2 3 4 5 |  5.0
Staves         | 1 2 3 4 5 |  5.0
Slings         | 1 2 3 4 5 |  5.0
Bows           | 1 2 3 4 5 |  5.0
Crossbows      | 1 2 3 4 5 |  5.0
Throwing       | 1 2 3 4 5 |  5.0
Armour         | 1 2 3 4 5 |  5.0
Shields        | 1 2 3 4 5 |  5.0
Unarmed Combat | 1 2 3 4 5 |  5.0
Evocations     | 1 2 3 4 5 |  5.0
Hexes          | 1 2 3 4 |  4.1
Necromancy     | 1 2 3 4 |  4.1
Transmutations | 1 2 3 4 |  4.1
Fire Magic     | 1 2 3 4 |  4.1
Ice Magic      | 1 2 3 4 |  4.1
Air Magic      | 1 2 3 4 |  4.1
Earth Magic    | 1 2 3 4 |  4.1
Poison Magic   | 1 2 3 4 |  4.1
Dodging        | 5 6 |  6.9
Stealth        | 5 6 |  6.6
Spellcasting   | 8 |  8.8

Action                   |  1- 3 |  4- 6 |  7- 9 | 10-12 || total
-------------------------+-------+-------+-------+-------++-------
Melee: Dagger            |    74 |       |       |       ||    74
       Bite              |     8 |     9 |    46 |    11 ||    74
       Rapier            |       |    78 |   197 |       ||   275
       Punch             |       |       |    14 |     3 ||    17
       Long sword        |       |       |   154 |       ||   154
       War axe           |       |       |   134 |    82 ||   216
 Cast: Magic Dart        |    51 |    64 |   152 |     3 ||   270
       Mephitic Cloud    |       |     4 |    34 |       ||    38
       Call Imp          |       |     1 |       |       ||     1
       Blink             |       |       |    16 |       ||    16
       Conjure Flame     |       |       |     6 |       ||     6
       Lightning Bolt    |       |       |       |     2 ||     2
Invok: Heroism           |       |       |     1 |       ||     1
  Use: Scroll            |       |       |    15 |       ||    15
       Potion            |       |       |     1 |     1 ||     2
 Stab: Sleeping          |    10 |     4 |     5 |     1 ||    20
       Distracted        |       |     1 |     1 |     1 ||     3
       Confused          |       |       |    19 |       ||    19
Armor: Robe              |     9 |    25 |   100 |     5 ||   139
Dodge: Dodged            |    69 |    82 |   408 |    71 ||   630
       Rpst.: Long sword |       |       |    28 |       ||    28
